 Dungeon Sprint DCSS version 0.30-a0-279-g4b46babb21 (webtiles) character file.

Game seed: 8640207124971161963

10270 rocky1 the Warrior (level 11, -8/117 HPs)
             Began as a Minotaur Fighter on Oct 16, 2022.
             Was an Initiate of Gozag.
             Mangled by Rupert
             ... wielding a +1 great mace of protection
              (33 damage)
             ... in the Dungeon (Sprint III: "The Ten Rune Challenge").
             The game lasted 00:12:22 (3339 turns).

rocky1 the Warrior (Minotaur Fighter)               Turns: 3339, Time: 00:12:23

Health: -8/117     AC: 24    Str: 24    XL:     11   Next: 34%
Magic:  10/10      EV: 11    Int:  7    God:    Gozag
Gold:   2092       SH:  0    Dex: 14    Spells: 10/10 levels left

rFire   + . .      SeeInvis .    z - +7 trident of the Gnashing Pariah {protect, rPois rCorr}
rCold   + . .      Faith    .    c - +0 buckler
rNeg    . . .      Spirit   .    a - +0 chain mail of Calculation {rElec Dex+5 Stlth+}
rPois   +          Reflect  .    (helmet restricted)
rElec   +          Harm     .    l - +2 cloak {rPois}
rCorr   +          Rampage  .    (no gloves)
Will    .....      NoTele   +    (no boots)
Stlth   ..........               (no amulet)
HPRegen 0.39/turn                (no ring)
MPRegen 0.12/turn                (no ring)

@: confused, resistant, under a protective aura, invisible
A: horns 2, retaliatory headbutt
a: Renounce Religion, Potion Petition, Call Merchant, Bribe Branch


You were in the Dungeon.
You worshipped Gozag.
Gozag was most pleased with you.
You visited 1 branch You collected 8454 gold pieces.
You spent 1735 gold pieces at shops.
You paid 4627 gold pieces to Gozag.

Inventory:

Hand Weapons
 i - a +0 eveningstar of holy wrath
 z - the +7 trident of the Gnashing Pariah (weapon) {protect, rPois rCorr}
   (You bought it in a shop in the Dungeon)

   It grants its wielder temporary protection when it strikes (+7 to AC).
   rPois:     It protects you from poison.
   rCorr:     It protects you from acid and corrosion.
Missiles
 j - 7 javelins (quivered)
Armour
 a - the +0 chain mail of Calculation (worn) {rElec Dex+5 Stlth+}
   (You bought it in a shop in the Dungeon)

   Dex:       It affects your dexterity (+5).
   rElec:     It insulates you from electricity.
   Stlth:     It makes you more stealthy.
 c - a +0 buckler (worn)
 l - a +2 cloak of poison resistance (worn)
 s - a +1 scale mail of fire resistance
Wands
 u - a wand of iceblast (1)
Scrolls
 k - 5 scrolls of identify
 m - a scroll of torment
 o - 3 scrolls of poison
 p - a scroll of enchant weapon
 r - a scroll of fog
 t - a scroll of blinking
 v - a scroll of brand weapon {unknown}
 w - a scroll of magic mapping {unknown}
Potions
 e - 2 potions of curing
 f - a potion of heal wounds
 g - 2 potions of haste
 h - 2 potions of magic
 n - 4 potions of flight
 q - 4 potions of mutation
 x - a potion of degeneration {unknown}
Miscellaneous
 d - a tin of tremorstones (2/2)


   Skills:
 + Level 17.1 Fighting
 + Level 4.6 Maces & Flails
 - Level 16.9 Polearms
 - Level 15.9 Armour
 + Level 6.1 Dodging
 - Level 0.1 Stealth
 + Level 12.4 Shields
 - Level 9.0 Evocations


You had 10 spell levels left.
You didn't know any spells.
Your spell library contained the following spells:

 Spells                   Type           Power      Damage    Failure   Level
 Apportation              Tloc           0%         N/A       91%         1
 Alistair's Intoxication  Tmut/Pois      0%         N/A       100%        5
 Borgnjor's Revivificati  Necr           0%         N/A       100%        8
 Necromutation            Tmut/Necr      0%         N/A       100%        8
 Death's Door             Necr           0%         N/A       100%        9


Dungeon Overview and Level Annotations

Branches:
Dungeon (1/1)

Altars:
Cheibriados
Dithmenos
Elyvilon
Fedhas
Gozag
Hepliaklqana
Kikubaaqudgha
Makhleb
Nemelex Xobeh
Okawaru
Qazlal
Ru
Sif Muna
Trog
Uskayaw
Vehumet
Wu Jian
Xom
Yredelemnul
Zin
The Shining One
Jiyva
Lugonu

Shops:
D *[([

Annotations:
D Rupert


Innate Abilities, Weirdness & Mutations

You have a pair of horns on your head.
You reflexively headbutt those who attack you in melee.


Message History

Rupert is moderately wounded.
Rupert roars wildly at you.
You are confused.
You puncture Rupert!
Rupert is heavily wounded.
You're too confused to move!
Rupert roars wildly at you.
You are more confused.
You closely miss Rupert. Your headbutt misses Rupert.
Rupert is heavily wounded.
Rupert hits you with a +1 great mace of protection!!
You bump into the rock wall.
Rupert hits you but does no damage.
You puncture Rupert!
Rupert is heavily wounded.
Rupert hits you with a +1 great mace of protection.
You puncture Rupert!
Rupert is severely wounded.
You bump into the rock wall.
Rupert barely misses you.
You're too confused to move!
Rupert hits you with a +1 great mace of protection!
You puncture Rupert!
Rupert is severely wounded.
Rupert hits you but does no damage.
You bump into the rock wall.
Rupert hits you with a +1 great mace of protection!
You hit Rupert but do no damage. You headbutt Rupert!
Rupert is almost dead.
Rupert roars madly and goes into a rage!
Rupert goes berserk!
You hit Rupert.
Rupert is almost dead.
Rupert hits you with a +1 great mace of protection!!
You bump into the rock wall.
Rupert hits you with a +1 great mace of protection!!
* * * LOW HITPOINT WARNING * * *
You hit Rupert.
Rupert is almost dead.
Rupert hits you with a +1 great mace of protection!!
You die...
Your body crumbles into a pile of gold.

#..# #..#####....#___#_
▓▓▓▓▓▓▓▓▓▓▓▓▓▓▓▓▓▓▓▓▓▓▓
+~≈~~§§≈~≈♣♣∩.∩..♣♣
#~~~§§§.~.♣♣.≈≈≈≈'♣
#≈~≈§§§§§≈~'.∩.∩.#.
#~~.§§§§~≈♣♣♣♣♣♣♣#.
$#~≈≈~§§≈≈≈♣ ##
▓##+####'###### ♣♣♣
▓.....@@........ ♣..
▓#+############# ♣♣. ♣.
♣♣ ♣♣ ♣. ##


You could see Rupert (berserk, unable to see you).

Vanquished Creatures
  Erolcha (D)
  Urug (D)
  An orc knight (D)
  A deep elf pyromancer (D)
  A lindwurm (D)
  2 orc sorcerers (D)
  2 cane toads (D)
  A komodo dragon (D)
  A rime drake (D)
  A queen bee (D)
  5 blink frogs (D)
  2 tyrant leeches (D)
  A shadow (D)
  3 wandering mushrooms (D)
  5 redbacks (D)
  A spatial vortex (D)
  A swamp drake (D)
  5 two-headed ogres (D)
  A water elemental (D)
  A necrophage (D)
  32 killer bees (D)
  Crazy Yiuf (D)
  3 orc priests (D)
  A jelly (D)
  A wizard (D)
  Jessica (D)
  A necromancer (D)
  3 humans (D)
  A kobold demonologist (D)
  9 orcs (D)
  An endoplasm (D)
  A hobgoblin (D)
  2 rats (D)
94 creatures vanquished.

Vanquished Creatures (others)
  An orc (D)
1 creature vanquished.

Grand Total: 95 creatures vanquished

Notes
Turn   | Place    | Note
-------+----------+-------------------------------------------
     0 | D        | rocky1 the Minotaur Fighter began the quest for the Orb.
     0 | D        | Reached XP level 1. HP: 19/19 MP: 0/0
    25 | D        | Noticed Jessica
    34 | D        | Killed Jessica
    35 | D        | Reached skill level 5 in Fighting
    35 | D        | Reached skill level 5 in Armour
    35 | D        | Reached skill level 5 in Shields
    35 | D        | Reached XP level 2. HP: 29/29 MP: 1/1
    56 | D        | Reached XP level 3. HP: 27/37 MP: 2/2
   197 | D        | Noticed Crazy Yiuf
   204 | D        | Killed Crazy Yiuf
   205 | D        | Reached skill level 6 in Fighting
   205 | D        | Reached XP level 4. HP: 19/45 MP: 3/3
   329 | D        | Noticed a water elemental
   335 | D        | Killed a water elemental
   336 | D        | Reached skill level 7 in Fighting
   336 | D        | Reached skill level 5 in Polearms
   336 | D        | Reached XP level 5. HP: 21/52 MP: 4/4
   457 | D        | Noticed a shadow
   464 | D        | Killed a shadow
   465 | D        | Reached skill level 8 in Fighting
   465 | D        | Reached XP level 6. HP: 41/62 MP: 5/5
   466 | D        | Reached skill level 9 in Fighting
   471 | D        | Found a blossoming altar of Fedhas.
   471 | D        | Found a stormy altar of Qazlal.
   472 | D        | Found a snail-covered altar of Cheibriados.
   472 | D        | Found a burning altar of Makhleb.
   472 | D        | Found a hazy altar of Hepliaklqana.
   472 | D        | Found a shimmering altar of Xom.
   472 | D        | Found an opulent altar of Gozag.
   472 | D        | Found a sparkling altar of Nemelex Xobeh.
   472 | D        | Found a corrupted altar of Lugonu.
   472 | D        | Found a viscous altar of Jiyva.
   472 | D        | Noticed a spatial vortex
   477 | D        | Became a worshipper of Gozag Ym Sagoz the Greedy
   482 | D        | Killed a spatial vortex
   483 | D        | Reached skill level 10 in Armour
   498 | D        | Found a basalt altar of Yredelemnul.
   498 | D        | Found a shadowy altar of Dithmenos.
   498 | D        | Found a sacrificial altar of Ru.
   507 | D        | Reached XP level 7. HP: 50/71 MP: 6/6
   512 | D        | Found a glowing silver altar of Zin.
   512 | D        | Found a glowing golden altar of the Shining One.
   512 | D        | Found a white marble altar of Elyvilon.
   512 | D        | Noticed a deep elf pyromancer
   515 | D        | Killed a deep elf pyromancer
   516 | D        | Reached skill level 11 in Fighting
   516 | D        | Reached skill level 10 in Polearms
   516 | D        | Reached skill level 10 in Shields
   529 | D        | Found a hide-covered altar of Uskayaw.
   529 | D        | Found an iron altar of Okawaru.
   529 | D        | Found a bloodstained altar of Trog.
   529 | D        | Found an ornate altar of the Wu Jian Council.
   529 | D        | Noticed a human
   530 | D        | Noticed a human
   541 | D        | Killed a human
   542 | D        | Reached XP level 8. HP: 40/82 MP: 7/7
   744 | D        | Found a radiant altar of Vehumet.
   744 | D        | Found a shimmering blue altar of Sif Muna.
   744 | D        | Found an ancient bone altar of Kikubaaqudgha.
   747 | D        | Noticed a sun demon
   807 | D        | Reached skill level 12 in Fighting
   984 | D        | Noticed a two-headed ogre
   992 | D        | Killed a two-headed ogre
   993 | D        | Reached skill level 1 in Dodging
   993 | D        | Reached skill level 1 in Evocations
  1080 | D        | Noticed Erolcha
  1080 | D        | Noticed a two-headed ogre
  1091 | D        | Killed Erolcha
  1092 | D        | Reached XP level 9. HP: 50/92 MP: 8/8
  1099 | D        | Killed a two-headed ogre
  1100 | D        | Reached skill level 13 in Fighting
  1419 | D        | Noticed a queen bee
  1421 | D        | Reached skill level 5 in Evocations
  1534 | D        | Reached XP level 10. HP: 102/102 MP: 9/9
  1536 | D        | Reached skill level 15 in Polearms
  1541 | D        | Reached skill level 14 in Fighting
  1751 | D        | Reached skill level 15 in Armour
  1793 | D        | Noticed a cane toad
  1793 | D        | Noticed a cane toad
  1797 | D        | Killed a cane toad
  1805 | D        | Killed a cane toad
  1820 | D        | Reached skill level 15 in Fighting
  2445 | D        | Noticed a lindwurm
  2452 | D        | Killed a lindwurm
  2590 | D        | Noticed Urug
  2614 | D        | Killed Urug
  2900 | D        | Reached skill level 16 in Fighting
  2900 | D        | Reached XP level 11. HP: 114/114 MP: 10/10
  2915 | D        | Noticed an orc sorcerer
  2920 | D        | Killed an orc sorcerer
  2921 | D        | Reached skill level 1 in Maces & Flails
  2921 | D        | Noticed an orc knight
  2947 | D        | Killed an orc knight
  2948 | D        | Reached skill level 5 in Dodging
  2949 | D        | Noticed an orc sorcerer
  2957 | D        | Killed an orc sorcerer
  2961 | D        | Found Kicsyuru's Antique Armour Emporium.
  3233 | D        | Reached skill level 17 in Fighting
  3273 | D        | Bought a scroll of fog for 60 gold pieces
  3273 | D        | Bought a scroll of identify for 30 gold pieces
  3273 | D        | Bought a scroll of identify for 30 gold pieces
  3273 | D        | Bought a scroll of blinking for 112 gold pieces
  3273 | D        | Bought a scroll of poison for 60 gold pieces
  3273 | D        | Bought a scroll of poison for 60 gold pieces
  3282 | D        | Bought a sharpened wooden wand for 108 gold pieces
  3282 | D        | Bought a scroll labelled UROYHA XIPLIAS for 27 gold pieces
  3282 | D        | Bought a potion of haste for 270 gold pieces
  3282 | D        | Bought a scroll labelled ROACI YRADUM for 27 gold pieces
  3282 | D        | Bought a ruby potion for 24 gold pieces
  3282 | D        | Bought a potion of curing for 81 gold pieces
  3282 | D        | Bought a faintly humming chain mail for 256 gold pieces
  3282 | D        | Identified the +1 chain mail of Fueje {Harm +Inv Int+4}
                  | (You bought it in a shop in the Dungeon)
  3282 | D        | Bought a slimy trident for 229 gold pieces
  3282 | D        | Identified the +7 trident of the Gnashing Pariah {protect,
                  | rPois rCorr} (You bought it in a shop in the Dungeon)
  3288 | D        | Bought a pitted chain mail for 361 gold pieces
  3288 | D        | Identified the +0 chain mail of Calculation {rElec Dex+5
                  | Stlth+} (You bought it in a shop in the Dungeon)
  3317 | D        | Noticed Rupert
  3339 | D        | Mangled by Rupert

Illustrated notes

Levels and vault maps discovered:
D:        dungeon_sprint_mu [sprint_mu_entry_cave, sprint_mu_temple_rooms,
          sprint_mu_d1_spiders, sprint_mu_d2_genie, sprint_mu_d3_branching,
          sprint_mu_orc_legion, sprint_mu_elf_gauntlet, sprint_mu_hive_nellie,
          sprint_mu_lair_fedhas, sprint_mu_vaults_butterflies,
          sprint_mu_slime_circle, sprint_mu_shoals_archi,
          sprint_mu_snake_twists, sprint_mu_blade_basic,
          sprint_mu_crypt_chambers, sprint_mu_tomb_spiral,
          sprint_mu_vestibule_basic, sprint_mu_gehenna_hellfire,
          sprint_mu_dis_giant, sprint_mu_tartarus_statrot,
          sprint_mu_cocytus_islands, sprint_mu_zot1]

Skill      XL: |  1  2  3  4  5  6  7  8  9 10 11 |
---------------+----------------------------------+-----
Fighting       | 5 6 7 8 9 11 12 13 16 17 | 17.1
Polearms       | 3 4 5 7 8 10 13 14 16 | 16.9
Armour         | 5 6 7 9 10 12 13 14 15 | 15.9
Shields        | 5 6 7 8 9 10 11 12 | 12.4
Dodging        | 1 2 4 6 |  6.1
Evocations     | 3 5 8 9 |  9.0
Maces & Flails | 4 |  4.6
Stealth        | |  0.1

Action                   |  1- 3 |  4- 6 |  7- 9 | 10-12 || total
-------------------------+-------+-------+-------+-------++-------
Melee: Trident           |    20 |    27 |    77 |   250 ||   374
       Headbutt          |     3 |     4 |    19 |    37 ||    63
Invok: Call Merchant     |       |       |       |     4 ||     4
       Potion Petition   |       |       |       |     3 ||     3
Evoke: Tin of tremorston |       |       |     2 |     1 ||     3
  Use: Potion            |       |     1 |     3 |       ||     4
       Scroll            |       |       |     1 |     2 ||     3
 Stab: Distracted        |       |       |       |     1 ||     1
       Invisible         |       |       |       |     3 ||     3
Armor: Scale mail        |     3 |     6 |    17 |    14 ||    40
       Chain mail        |       |       |       |     2 ||     2
Dodge: Dodged            |     3 |     1 |    17 |    35 ||    56
Block: Buckler           |     3 |     2 |    16 |    27 ||    48

Table legend: (Time is in decaauts)
 A = Elapsed time spent in this place.
 B = Non-inter-level travel time spent in this place.
 C = Inter-level travel time spent in this place.
 D = Time resting spent in this place.
 E = Time spent auto-exploring this place.
 F = Levels seen in this place.
 G = Mean time per level.
                   A        B        C        D        E       F      G
               +--------+--------+--------+--------+--------+-----+--------+
         Total |   3239 |   3139 |    100 |   2247 |     33 |   1 | 3239.0 |
       Dungeon |   3239 |   3139 |    100 |   2247 |     33 |   1 | 3239.0 |
               +--------+--------+--------+--------+--------+-----+--------+

Top non-repeatable levels by time:
       D: 3239 daAuts
